 Dungeon Crawl Stone Soup version 0.17.1-3-g152610e (webtiles) character file.

172 ImaNewbie the Cudgeler (level 5, 0/41 HPs)
             Began as a Formicid Fighter on Mar 10, 2016.
             Slain by an iron imp (7 damage)
             ... on level 3 of the Dungeon.
             The game lasted 00:08:52 (3399 turns).

ImaNewbie the Cudgeler (Formicid Fighter)           Turns: 3399, Time: 00:08:52

Health: 0/41       AC:  6    Str: 21    XL:     5   Next: 82%
Magic:  5/5        EV:  8    Int:  8    God:
Gold:   74         SH:  9    Dex: 10    Spells: 0 memorised, 4 levels left

rFire  . . .     SeeInvis +     a - +0 flail
rCold  . . .     Clarity  .     u - +0 ring mail {MR+}
rNeg   . . .     SustAt   .     c - +0 shield
rPois  +         Gourm    +     (helmet unavailable)
rElec  .         Spirit   .     p - +0 cloak
rCorr  .         Warding  .     (no gloves)
rMut   .         Stasis   +     (no boots)
MR     +....                    f - amulet of the gourmand
Stlth  ..........               (no ring)
                                n - ring of poison resistance

@: somewhat resistant to hostile enchantments, extremely unstealthy
A: permanent stasis, dig shafts and tunnels, four strong arms, antennae 3
a: Dig, Shaft Self


You were on level 3 of the Dungeon.
You were very full.

You visited 1 branch of the dungeon, and saw 3 of its levels.

You collected 74 gold pieces.

Inventory:

Hand Weapons
 a - a +0 flail (weapon)
Armour
 c - a +0 shield (worn)
 p - a +0 cloak (worn)
 u - a +0 ring mail of magic resistance (worn)
Jewellery
 f - an amulet of the gourmand (around neck)
 j - an uncursed amulet of resist corrosion
 n - a ring of poison resistance (left hand)
Wands
 x - a wand of fireball (6)
Scrolls
 h - 5 scrolls of blinking {unknown}
 k - 2 scrolls of remove curse {unknown}
 l - a scroll of enchant armour {unknown}
 m - 5 scrolls of identify {unknown}
 s - 3 scrolls of magic mapping {unknown}
 v - a scroll of amnesia {unknown}
 y - a scroll of fear {unknown}
Potions
 d - a potion of might
 i - a potion of mutation {unknown}
 q - a potion of cancellation {unknown}
 r - a potion of magic {unknown}
 t - a potion of brilliance {unknown}
 w - a potion of haste {unknown}
 z - a potion of cure mutation {unknown}
 A - a potion of agility {unknown}
Comestibles
 b - 5 fruits
 e - a bread ration
 g - 2 meat rations
 o - a beef jerky


   Skills:
 - Level 3.2 Fighting
 + Level 5.5 Maces & Flails
 - Level 3.2 Armour
 - Level 3.6 Shields


You had 4 spell levels left.
You didn't know any spells.

Dungeon Overview and Level Annotations

Branches:
Dungeon (3/15)

Altars:
Makhleb


Innate Abilities, Weirdness & Mutations

You are under a permanent stasis effect.
You can dig through walls and to a lower floor.
Your four strong arms can wield two-handed weapons with a shield.
You have a pair of large antennae on your head (SInv).


Message History

You block the iron imp's attack.
You barely miss the iron imp.
The iron imp is moderately wounded.
The iron imp hits you!
You hit the iron imp.
The iron imp is heavily wounded.
The iron imp hits you!
* * * LOW HITPOINT WARNING * * *
You hit the iron imp.
The iron imp is severely wounded.
You block the iron imp's attack.
You hit the iron imp but do no damage.
The iron imp is severely wounded.
You barely miss the iron imp.
The iron imp is severely wounded.
The iron imp closely misses you.
You hit the iron imp.
The iron imp is almost dead.
The iron imp hits you!
You die...

###########.(####...........###.#
.......>...............+...#
........÷..............#.#.#
........)..............#.#.#
.......................#.#..
.......................#.###
..........##############.#
..........#............#.#
..........#@≈§≈.§......#.###
..........#5≈≈≈≈.......'....
.........#....≈≈......#.###
#.....≈≈.....#.# #.....≈≈.......#
#.._...8≈......###
#.....≈≈..........
#.....≈≈......#### ....≈≈......##


You could see an iron imp.

Vanquished Creatures
  Ijyb (D:2)
  Natasha (thrice) (D:2)
  2 iron imps (D:3)
  2 adders
  3 worms (D:2)
  6 bats
  A giant cockroach (D:2)
  5 goblins
  4 hobgoblins
  4 jackals (D:1)
  2 ball pythons
  5 kobolds
  4 rats
42 creatures vanquished.

Notes
Turn   | Place    | Note
--------------------------------------------------------------
     0 | D:1      | ImaNewbie the Formicid Fighter began the quest for the Orb.
     0 | D:1      | Reached XP level 1. HP: 18/18 MP: 1/1
   135 | D:1      | Reached XP level 2. HP: 24/24 MP: 2/2
   174 | D:1      | You fall through a shaft!
   986 | D:2      | Reached XP level 3. HP: 29/29 MP: 3/3
  1251 | D:2      | Noticed Ijyb
  1543 | D:2      | Killed Ijyb
  1543 | D:2      | Reached skill level 4 in Maces & Flails
  1543 | D:2      | Reached XP level 4. HP: 6/35 MP: 4/4
  2151 | D:2      | Noticed Natasha
  2169 | D:2      | Killed Natasha
  2169 | D:2      | Reached XP level 5. HP: 15/41 MP: 5/5
  2648 | D:2      | Noticed Natasha
  2656 | D:2      | Killed Natasha
  2906 | D:2      | Noticed Natasha
  2918 | D:2      | Killed Natasha
  2918 | D:2      | Reached skill level 5 in Maces & Flails
  3307 | D:3      | Found a burning altar of Makhleb.
  3399 | D:3      | Slain by an iron imp

Action                   |  1- 3 |  4- 6 || total
-------------------------+-------+-------++-------
Melee: Flail             |   120 |   125 ||   245
  Eat: Chunk             |     7 |     9 ||    16
